 Dungeon Crawl Stone Soup version 0.19.1-1-g22dce08 (webtiles) character file.

4463 M4edhros the Cleaver (level 10, -1/90 HPs)
             Began as a Minotaur Berserker on Jan 5, 2017.
             Was an Elder of Trog.
             Slain by an eight-headed hydra (2 damage)
             ... on level 9 of the Dungeon.
             The game lasted 00:04:47 (4851 turns).

M4edhros the Cleaver (Minotaur Berserker)           Turns: 4851, Time: 00:04:47

Health: -1/90      AC: 15    Str: 21    XL:     10   Next: 15%
Magic:  9/9        EV: 10    Int:  2    God:    Trog [****..]
Gold:   24         SH:  0    Dex: 14    Spells: 0 memorised, 9 levels left

rFire  + . .     SeeInvis .     w - +4 battleaxe
rCold  x . .     Gourm    .     C - +0 plate armour
rNeg   . . .     Faith    .     (shield currently unavailable)
rPois  .         Spirit   .     (helmet unavailable)
rElec  .         Reflect  .     (no cloak)
rCorr  .         Harm     .     y - +0 pair of gloves
MR     .....                    (no boots)
Stlth  ..........               (no amulet)
                                x - ring of stealth
                                r - ring of fire

@: no status effects
A: retaliatory headbutt, horns 3, thin skeletal structure 1, dopey 1, weak 1
a: Berserk, Trog's Hand, Brothers in Arms, Burn Spellbooks, Renounce Religion


You were on level 9 of the Dungeon.
You worshipped Trog.
Trog was greatly pleased with you.
You were not hungry.

You visited 1 branch of the dungeon, and saw 9 of its levels.

You collected 300 gold pieces.
You spent 276 gold pieces at shops.

Inventory:

Hand Weapons
 a - a +0 hand axe
 w - a +4 battleaxe (weapon)
Armour
 b - a +0 animal skin
 j - a +0 ring mail
 y - a +0 pair of gloves (worn)
 C - a +0 plate armour (worn)
 O - a +0 troll leather armour
Jewellery
 r - a ring of fire (left hand)
 x - a ring of stealth (right hand)
Wands
 F - a wand of teleportation (3/9)
 G - a wand of polymorph (11/24)
 M - a wand of lightning (5/15)
Scrolls
 f - 12 scrolls of identify {unknown}
 h - 2 scrolls of fog {unknown}
 i - a scroll of noise {unknown}
 n - a scroll of immolation {unknown}
 q - a scroll of magic mapping {unknown}
 s - a scroll of enchant weapon {unknown}
 t - 2 scrolls of remove curse {unknown}
 z - a scroll of teleportation
 A - a scroll of recharging {unknown}
 D - a scroll of acquirement {unknown}
 E - a scroll of amnesia {unknown}
 H - a scroll of fear
 K - 2 scrolls of blinking
 L - a scroll of holy word {unknown}
Potions
 d - 2 potions of haste {unknown}
 e - 2 potions of magic {unknown}
 k - 2 potions of curing
 l - a potion of mutation {unknown}
 u - 2 potions of berserk rage {unknown}
 v - 2 potions of heal wounds {unknown}
 B - a potion of flight {unknown}
 I - a potion of might
 J - a potion of degeneration
 P - 3 potions of ambrosia {unknown}
Comestibles
 c - 5 bread rations
 g - 2 beef jerkies
 m - 5 meat rations
 o - a slice of pizza
 p - 3 fruits


   Skills:
 + Level 8.9 Fighting
 * Level 11.6 Axes
 + Level 8.4 Armour
 + Level 7.4 Dodging


You had 9 spell levels left.
You didn't know any spells.

Dungeon Overview and Level Annotations

Branches:
Dungeon (9/15)             Temple (0/1) D:5            Lair (0/6) D:8
    Orc: D:9-12

Altars:
Ashenzari
Cheibriados
Elyvilon
Hepliaklqana
Okawaru
Sif Muna
Uskayaw
Vehumet
Beogh

Shops:
D:9 [?*[


Innate Abilities, Weirdness & Mutations

You reflexively headbutt those who attack you in melee.
You have a pair of large horns on your head.
You have a somewhat thin skeletal structure. (Dex +2, Stealth)
You are dopey. (Int -2)
You are weak. (Str -2)


Message History

Evoke which item? (* to show all) (? for menu, Esc to quit)
Zapping:
M - a wand of lightning {zapped: 2} (will waste charges)
Press: ? - help, Shift-Dir - straight line You hear a mighty clap of thunder!
The bolt of lightning hits the eight-headed hydra.
The eight-headed hydra is severely wounded.
The bolt of lightning hits the eight-headed hydra.
The eight-headed hydra is almost dead.
Evoking this partially-identified wand wasted a few charges.
The eight-headed hydra bites you but does no damage. x2
The eight-headed hydra bites you.
* * * LOW HITPOINT WARNING * * *
The eight-headed hydra bites you.
* * * LOW HITPOINT WARNING * * *
The eight-headed hydra closely misses you.
The eight-headed hydra bites you but does no damage.
The eight-headed hydra bites you!
* * * LOW HITPOINT WARNING * * *
The eight-headed hydra bites you.
You die...

#....#
#######.#....####...#
.....#
#...>##.##.#.<....♣..
#...##
#....#.....######.###
##.## #....#..#### #.
#.# #....#..# #! ##
### #)######### #. #.
#...)# ..# #. #.)⌠.#
...# #. #.⌠.@#K...#
#. #...(DK...# #.
######r...# #. ....#
#. # ...# #. ### ...#
#. ..# ..# #. ..# #+#
## ### #######


You could see an eight-headed hydra, a big kobold and a quokka.

Vanquished Creatures
  The ghost of M4edhros the Chopper, a novice MiBe of Trog (D:9)
  An elephant (D:8)
  A troll (D:9)
  A wyvern (D:9)
  Eustachio (D:6)
  A hungry ghost (D:8)
  2 humans (D:7)
  Menkaure (D:7)
  A sky beast (D:5)
  2 orc warriors
  5 ice beasts
  A phantom (D:8)
  3 ogres
  A centaur (D:6)
  2 big kobolds
  2 bullfrogs (D:8)
  2 scorpions
  4 wights (D:6)
  6 crimson imps
  A quasit (D:8)
  2 hounds
  9 orc wizards
  2 jellies
  2 bullfrog skeletons
  4 iguanas
  4 worker ants
  2 killer bee zombies
  3 gnolls (D:8)
  5 adders
  An ooze (D:1)
  2 worms (D:2)
  2 leopard geckos
  5 orcs
  A bat (D:2)
  3 giant cockroaches
  A goblin (D:3)
  2 hobgoblins (D:1)
  3 jackals (D:5)
  2 ball pythons
  A frilled lizard (D:1)
  A jackal skeleton (D:7)
  A jackal zombie (D:6)
  12 kobolds
109 creatures vanquished.

Vanquished Creatures (others)
  2 plants (D:6)
2 creatures vanquished.

Grand Total: 111 creatures vanquished

Notes
Turn   | Place    | Note
-------+----------+-------------------------------------------
     0 | D:1      | M4edhros the Minotaur Berserker began the quest for the Orb.
     0 | D:1      | Reached XP level 1. HP: 19/19 MP: 0/0
   257 | D:1      | Reached XP level 2. HP: 27/27 MP: 1/1
   402 | D:2      | You fall through a shaft!
   406 | D:3      | Reached skill level 4 in Axes
   428 | D:3      | Found a snail-covered altar of Cheibriados.
   468 | D:3      | Reached XP level 3. HP: 21/33 MP: 2/2
   598 | D:5      | Entered Level 5 of the Dungeon
  1003 | D:5      | Noticed a scorpion
  1011 | D:5      | Killed a scorpion
  1011 | D:5      | Reached XP level 4. HP: 17/41 MP: 3/3
  1012 | D:5      | Reached skill level 5 in Axes
  1036 | D:5      | Reached XP level 5. HP: 35/47 MP: 4/4
  1331 | D:5      | Found a staircase to the Ecumenical Temple.
  1402 | D:5      | Noticed a sky beast
  1410 | D:5      | Killed a sky beast
  1410 | D:5      | Reached XP level 6. HP: 39/55 MP: 5/5
  1419 | D:5      | Gained mutation: You have a pair of large horns on your head. [mutagenic meat]
  1420 | D:5      | Gained mutation: You have a somewhat thin skeletal structure. (Dex +2, Stealth) [mutagenic meat]
  1421 | D:5      | Gained mutation: You are dopey. (Int -2) [mutagenic meat]
  1422 | D:5      | Gained mutation: You are weak. (Str -2) [mutagenic meat]
  1530 | D:5      | Reached skill level 5 in Fighting
  1555 | D:5      | Reached skill level 6 in Axes
  1697 | D:5      | Reached ** piety under Trog
  1877 | D:6      | Noticed Eustachio
  1884 | D:6      | Killed Eustachio
  1884 | D:6      | Reached XP level 7. HP: 61/61 MP: 6/6
  1953 | D:6      | Reached skill level 7 in Axes
  1984 | D:6      | Reached skill level 5 in Armour
  2086 | D:6      | Found a hazy altar of Hepliaklqana.
  2126 | D:6      | HP: 1/63 [ogre/giant club (11)]
  2439 | D:6      | Reached skill level 8 in Axes
  2439 | D:6      | Reached skill level 5 in Dodging
  2439 | D:6      | Reached XP level 8. HP: 31/70 MP: 7/7
  2909 | D:7      | Found an iron altar of Okawaru.
  3011 | D:7      | Reached skill level 9 in Axes
  3090 | D:7      | Found a radiant altar of Vehumet.
  3139 | D:7      | Noticed Menkaure
  3151 | D:7      | Killed Menkaure
  3151 | D:7      | Reached *** piety under Trog
  3209 | D:7      | Reached XP level 9. HP: 34/79 MP: 8/8
  3406 | D:7      | Found a deep blue altar of Sif Muna.
  3784 | D:8      | Found a staircase to the Lair.
  3784 | D:8      | Noticed an elephant
  3791 | D:8      | Reached skill level 10 in Axes
  3793 | D:8      | Killed an elephant
  3906 | D:8      | Reached skill level 11 in Axes
  3926 | D:8      | Reached **** piety under Trog
  4001 | D:8      | Found a white marble altar of Elyvilon.
  4065 | D:8      | Found a hide-covered altar of Uskayaw.
  4071 | D:8      | Found a shattered altar of Ashenzari.
  4155 | D:9      | Found Keusocal's General Store.
  4171 | D:9      | Bought a scroll of fear for 49 gold pieces
  4171 | D:9      | Bought a potion of might for 56 gold pieces
  4171 | D:9      | Bought a potion of degeneration for 14 gold pieces
  4181 | D:9      | Found Nehe's Magic Scroll Shoppe.
  4189 | D:9      | Bought a scroll of teleportation for 45 gold pieces
  4189 | D:9      | Bought a scroll of blinking for 112 gold pieces
  4211 | D:9      | Found Vitatol's Antique Armour Emporium.
  4244 | D:9      | Noticed M4edhros's ghost (novice MiBe)
  4255 | D:9      | Killed M4edhros's ghost
  4255 | D:9      | Reached XP level 10. HP: 90/90 MP: 9/9
  4591 | D:9      | Found a roughly hewn altar of Beogh.
  4597 | D:9      | Found Boickaff's Antique Armour Emporium.
  4845 | D:9      | Noticed an eight-headed hydra
  4851 | D:9      | HP: 1/90 [eight-headed hydra (9)]
  4851 | D:9      | Slain by an eight-headed hydra

Skill      XL: |  1  2  3  4  5  6  7  8  9 |
---------------+----------------------------+-----
Axes           | 4 5 6 8 9 11 | 11.6
Fighting       | 4 5 6 7 8 |  8.9
Armour         | 3 4 5 6 8 |  8.4
Dodging        | 3 4 5 6 7 |  7.4

Action                   |  1- 3 |  4- 6 |  7- 9 | 10-12 || total
-------------------------+-------+-------+-------+-------++-------
Melee: Hand axe          |    60 |    67 |    72 |       ||   199
       Headbutt          |     8 |    11 |    33 |     3 ||    55
       Battleaxe         |       |       |   110 |    27 ||   137
Invok: Berserk           |       |     3 |     4 |     1 ||     8
       Trog's Hand       |       |       |     1 |       ||     1
Evoke: Wand              |       |       |       |     2 ||     2
  Use: Potion            |       |       |     3 |       ||     3
       Scroll            |       |       |       |     1 ||     1
 Stab: Sleeping          |       |       |     1 |       ||     1
  Eat: Chunk             |       |     9 |     9 |     4 ||    22
       Royal jelly       |       |       |     2 |       ||     2
Armor: Animal skin       |     2 |       |       |       ||     2
       Ring mail         |    21 |    27 |    43 |       ||    91
       Plate armour      |       |       |    42 |    28 ||    70
Dodge: Dodged            |    40 |    25 |   124 |    24 ||   213
